 Dungeon Crawl Stone Soup version 0.25.0-9-g26727b6 (webtiles) character file.

Game seed: 9369390167118676594

6004 Helmschank the Cleaver (level 10, -3/86 HPs)
             Began as a Minotaur Fighter on June 19, 2020.
             Was an Elder of Okawaru.
             Splashed by a centaur's acid (10 damage)
             ... on level 10 of the Dungeon.
             The game lasted 00:45:05 (10708 turns).

Helmschank the Cleaver (Minotaur Fighter)          Turns: 10708, Time: 00:45:07

Health: -3/86      AC: 16    Str: 23    XL:     10   Next: 56%
Magic:  13/13      EV:  6    Int:  5    God:    Okawaru [****..]
Gold:   455        SH: 10    Dex: 11    Spells: 9/9 levels left

rFire    + . .     SeeInvis +   a - +8 mace of Pride {vorpal, MR+}
rCold    . . .     Gourm    .   c - +0 kite shield
rNeg     . . .     Faith    .   F - +0 plate armour
rPois    .         Spirit   .   (helmet restricted)
rElec    .         Reflect  .   n - +1 cloak
rCorr    .         Harm     .   (no gloves)
MR       +....                  K - +0 pair of boots
Stlth    ..........             (no amulet)
HPRegen  0.24/turn              m - ring of see invisible
MPRegen  0.13/turn              H - ring of protection from fire

@: no status effects
A: retaliatory headbutt, horns 2
a: Heroism, Renounce Religion


You were on level 10 of the Dungeon.
You worshipped Okawaru.
Okawaru was greatly pleased with you.
You were not hungry.

You visited 2 branches of the dungeon, and saw 11 of its levels.
You also visited: Sewer.

You collected 455 gold pieces.

Inventory:

Hand Weapons
 a - the +8 mace of Pride (weapon) {vorpal, MR+}
   (You found it on level 6 of the Dungeon)

   It inflicts extra damage upon your enemies.
   It affects your resistance to hostile enchantments.
 b - a +0 war axe
 g - a +1 whip of electrocution
 s - a +0 flail
 w - a +0 whip of freezing
Missiles
 O - 338 stones (quivered)
 P - 19 poisoned darts
 Y - 5 silver javelins
 Z - a throwing net
Armour
 c - a +0 kite shield (worn)
 n - a +1 cloak (worn)
 E - a +2 leather armour of fire resistance
 F - a +0 plate armour (worn)
 K - a +0 pair of boots (worn)
Jewellery
 m - a ring of see invisible (left hand)
 H - a ring of protection from fire (right hand)
Wands
 o - a wand of disintegration (15)
 p - a wand of random effects (11)
 u - a wand of iceblast (27)
 B - a wand of acid (6)
Scrolls
 h - 2 scrolls of random uselessness {unknown}
 k - 2 scrolls of enchant weapon
 q - a scroll of identify
 x - a scroll of magic mapping
 A - a scroll of blinking {unknown}
 G - 2 scrolls of enchant armour {unknown}
 Q - 2 scrolls of teleportation
Potions
 d - 2 potions of might
 e - 2 potions of cancellation
 i - 2 potions of magic
 j - 4 potions of lignification
 l - 4 potions of haste
 r - 4 potions of flight
 t - 4 potions of curing
 v - 5 potions of heal wounds
 z - 2 potions of invisibility
 C - a potion of stabbing {unknown}
 D - a potion of berserk rage {unknown}
 I - a potion of mutation {unknown}
 L - a potion of ambrosia {unknown}
 R - 3 potions of brilliance {unknown}
Miscellaneous
 y - a phantom mirror
Comestibles
 f - 19 rations
 J - a chunk of flesh


   Skills:
 + Level 7.6 Fighting
 - Level 11.7(12.0) Axes
 - Level 3.9(8.6) Maces & Flails
 - Level 4.0 Throwing
 - Level 6.0 Armour
 - Level 3.0 Dodging
 - Level 6.0 Shields
 - Level 6.0 Invocations
 - Level 4.0 Evocations


You had 9 spell levels left.
You didn't know any spells.
Your spell library contained the following spells:

 Spells                   Type           Power        Failure   Level  Hunger
 Animate Skeleton         Necr           N/A          100%        1    ##.....
 Apportation              Tloc           #.....       100%        1    ##.....
 Beastly Appendage        Tmut           #.....       100%        1    ##.....
 Corona                   Hex            #......      100%        1    ##.....
 Summon Small Mammal      Summ           #...         100%        1    ##.....
 Slow                     Hex            #.......     100%        2    ###....
 Sticks to Snakes         Tmut           #.......     100%        2    ###....
 Inner Flame              Hex/Fire       #.......     100%        3    ####...
 Portal Projectile        Hex/Tloc       #.....       100%        3    ####...
 Spider Form              Tmut/Pois      #.........   100%        3    ####...
 Cause Fear               Hex            #.........   100%        4    #####..
 Ice Form                 Ice/Tmut       #.......     100%        4    #####..
 Leda's Liquefaction      Hex/Erth       #.........   100%        4    #####..
 Blade Hands              Tmut           #.........   100%        5    ######.


Dungeon Overview and Level Annotations

Branches:
Dungeon (10/15)            Temple (1/1) D:5           Sewer (visited)
   Lair: D:8-11         Orc: D:9-12

Altars:
Ashenzari
Cheibriados
Dithmenos
Elyvilon
Fedhas
Gozag
Hepliaklqana
Kikubaaqudgha
Makhleb
Nemelex Xobeh
Okawaru
Qazlal
Ru
Sif Muna
Trog
Uskayaw
Vehumet
Wu Jian
Xom
Yredelemnul
Zin
The Shining One

Shops:
D:6 }[   D:7 %(%


Innate Abilities, Weirdness & Mutations

You reflexively headbutt those who attack you in melee.
You have a pair of horns on your head.


Message History

Found a stone staircase leading down.
You see here an arrow.
You take 8 damage, and have 78/86 hp.
The centaur zaps a wand.
The bolt of acid hits you.
You are splashed with acid!
A porcupine comes into view.
You take 10 damage, and have 68/86 hp.
The centaur zaps a wand.
The bolt of acid hits you!!
You are splashed with acid!
The centaur shoots an arrow.
The arrow hits you!
You see here an arrow.
You take 41 damage, and have 27/86 hp.
MASSIVE DAMAGE!!
You closely miss the porcupine. You headbutt the porcupine!
The porcupine is severely wounded.
The porcupine bites you but does no damage.
You sock the porcupine!
You kill the porcupine!
Okawaru accepts your kill.
The centaur zaps a wand.
The bolt of acid hits you!!
* * * LOW HITPOINT WARNING * * *
You are splashed with acid!
You die...

########
......#....
.>...#...
....#..# #
...#..# .#
.c#..###..#
###†#.......
#..@........#
#...'.##...####.#
#...# #.(.####.#
### #.##........#
#...........#
######......#
#......# #......#
#......#


You could see a centaur.

Vanquished Creatures
  Pikel (D:7)
  Maurice (D:9)
  A gargoyle (D:10)
  Grinder (D:6)
  Prince Ribbit (D:7)
  A hippogriff (D:9)
  A spriggan (D:7)
  Menkaure (D:6)
  A water moccasin (D:10)
  A porcupine (D:10)
  An ice beast (D:10)
  A slave (D:7)
  A sky beast (D:8)
  A black bear (D:8)
  An orc warrior (D:8)
  Purgy (D:3)
  2 phantoms
  2 ogres
  2 centaurs (D:6)
  Blork the orc (D:6)
  8 big kobolds (Sewer)
  7 bullfrogs
  5 scorpions
  2 howler monkeys (D:9)
  4 crimson imps
  A bullfrog zombie (D:7)
  A quasit (D:7)
  8 orc wizards
  Crazy Yiuf (D:6)
  5 orc priests
  2 bullfrog skeletons
  4 hounds
  A jelly (D:9)
  Ijyb (D:5)
  3 iguanas
  6 worker ants
  A killer bee zombie (D:7)
  2 worker ant zombies
  4 gnolls
  2 river rats
  18 adders
  5 shadow imps
  3 oozes (Sewer)
  2 adder zombies
  3 adder skeletons
  11 worms
  A dart slug (D:2)
  4 leopard geckos
  28 orcs
  6 ball pythons
  3 bats
  9 giant cockroaches
  10 goblins
  12 hobgoblins
  19 jackals
  5 quokkas
  2 frilled lizards (D:3)
  4 kobolds
  A quokka skeleton (D:8)
  9 rats
246 creatures vanquished.

Vanquished Creatures (others)
  3 fungi (D:10)
  6 plants (D:10)
9 creatures vanquished.

Grand Total: 255 creatures vanquished

Notes
Turn   | Place    | Note
-------+----------+-------------------------------------------
     0 | D:1      | Helmschank the Minotaur Fighter began the quest for the
                  | Orb.
     0 | D:1      | Reached XP level 1. HP: 19/19 MP: 0/0
   103 | D:1      | Reached skill level 3 in Axes
   169 | D:1      | Reached XP level 2. HP: 26/26 MP: 1/1
   194 | D:1      | Reached skill level 4 in Axes
   328 | D:1      | Reached XP level 3. HP: 20/33 MP: 2/2
   819 | D:2      | Reached skill level 1 in Dodging
   980 | D:2      | Reached XP level 4. HP: 40/40 MP: 3/3
  1157 | D:2      | Reached skill level 1 in Throwing
  1687 | D:2      | Reached XP level 5. HP: 46/46 MP: 4/4
  1885 | D:2      | Found a hazy altar of Hepliaklqana.
  2217 | D:3      | Reached skill level 1 in Evocations
  2244 | D:3      | Found a glowing drain.
  2315 | Sewer    | Entered a sewer
  2502 | Sewer    | Reached skill level 5 in Axes
  2636 | Sewer    | Reached XP level 6. HP: 52/52 MP: 6/6
  2667 | Sewer    | Reached skill level 6 in Axes
  2672 | Sewer    | Reached skill level 5 in Fighting
  2872 | Sewer    | Reached XP level 7. HP: 29/61 MP: 7/7
  3061 | Sewer    | Reached skill level 7 in Axes
  3268 | Sewer    | Reached skill level 8 in Axes
  3465 | D:3      | Noticed Purgy
  3481 | D:3      | Killed Purgy
  4478 | D:4      | Reached skill level 5 in Armour
  4741 | D:4      | Reached XP level 8. HP: 63/70 MP: 8/8
  4809 | D:4      | Found a shattered altar of Ashenzari.
  5144 | D:4      | Reached skill level 5 in Shields
  5272 | D:5      | Entered Level 5 of the Dungeon
  5384 | D:5      | Noticed Ijyb
  5391 | D:5      | Killed Ijyb
  5763 | D:5      | Found a staircase to the Ecumenical Temple.
  5778 | Temple   | Entered the Ecumenical Temple
  5822 | Temple   | Became a worshipper of Warmaster Okawaru
  5970 | D:5      | Reached skill level 1 in Invocations
  6336 | D:6      | Found Kys Jain's Antique Armour Boutique.
  6365 | D:6      | Noticed Blork the orc
  6366 | D:6      | Noticed Grinder
  6380 | D:6      | Paralysed by Grinder for 2 turns
  6530 | D:6      | Noticed Menkaure
  6534 | D:6      | Killed Menkaure
  6534 | D:6      | Reached * piety under Okawaru
  6543 | D:6      | Found a runed translucent door.
  6544 | D:6      | Noticed Crazy Yiuf
  6552 | D:6      | Killed Crazy Yiuf
  6562 | D:6      | Identified the +8 mace of Pride {vorpal, MR+} (You found it
                  | on level 6 of the Dungeon)
  6623 | D:6      | Reached skill level 9 in Axes
  6695 | D:6      | Killed Grinder
  6695 | D:6      | Reached XP level 9. HP: 75/75 MP: 11/11
  6773 | D:6      | Reached skill level 10 in Axes
  6859 | D:6      | Found a blossoming altar of Fedhas.
  6878 | D:6      | Found Lodaeq's Gadget Boutique.
  6923 | D:6      | Found Takuuc's Book Shoppe.
  6929 | D:6      | Killed Blork the orc
  6929 | D:6      | Reached ** piety under Okawaru
  7264 | D:7      | Found Kakailef's Food Boutique.
  7289 | D:7      | Found a basalt altar of Yredelemnul.
  7301 | D:7      | Found an opulent altar of Gozag.
  7301 | D:7      | Found a glowing golden altar of the Shining One.
  7304 | D:7      | Found an ancient bone altar of Kikubaaqudgha.
  7489 | D:7      | Found a shadowy altar of Dithmenos.
  7597 | D:7      | Noticed Prince Ribbit
  7605 | D:7      | Killed Prince Ribbit
  7889 | D:7      | Found a bloodstained altar of Trog.
  8009 | D:7      | Found Ojae's Weapon Emporium.
  8009 | D:7      | Found Ilutenta's Food Shoppe.
  8038 | D:7      | Noticed Pikel
  8069 | D:7      | Killed Pikel
  8496 | D:8      | Found an opulent altar of Gozag.
  8589 | D:8      | Reached *** piety under Okawaru
  8589 | D:8      | Reached XP level 10. HP: 72/86 MP: 13/13
  8835 | D:8      | Reached skill level 1 in Maces & Flails
  8844 | D:8      | Found a blossoming altar of Fedhas.
  8865 | D:8      | Found a radiant altar of Vehumet.
  8865 | D:8      | Found a snail-covered altar of Cheibriados.
  8883 | D:8      | Found a stormy altar of Qazlal.
  9314 | D:9      | Noticed Maurice
  9329 | D:9      | Killed Maurice
  9836 | D:9      | Reached skill level 11 in Axes
  9848 | D:9      | Found a flagged portal.
 10348 | D:10     | Entered Level 10 of the Dungeon
 10667 | D:10     | Noticed a gargoyle
 10671 | D:10     | Reached **** piety under Okawaru
 10675 | D:10     | Killed a gargoyle
 10675 | D:10     | Received a gift from Okawaru
 10708 | D:10     | Splashed by a centaur's acid

Illustrated notes

Levels and vault maps discovered:
D:1:      dpeg_arrival_prison, layout_rooms
D:2:      layout_loops_ring, marbit_many_paths, minmay_strange_pillars,
          serial_bayou_ford_a
D:3:      layout_basic, cheibrodos_sewer_entry_sluice, first_ration,
          st_stairs_4, hangedman_decor_growths, uniq_purgy
D:4:      layout_basic, lemuel_coloured_pillars_altar
D:5:      layout_cave_pods, minmay_temple_entry_glassed_door, uniq_ijyb
D:6:      layout_rooms, serial_shops, nicolae_shop_trees, kennysheep_mini, shop,
          fedhas_altar_3, uniq_grinder, uniq_blork_the_orc,
          uniq_crazy_yiuf_cottage, uniq_menkaure
D:7:      layout_cave_pods, nicolae_dithmenos_through_a_glass_darkly,
          overflow_temple_1_default, chequers_temple_overflow_statue_of_worship,
          serial_shops, shop, shop, nicolae_shop_window_shopping, the_bakery,
          uniq_pikel, uniq_prince_ribbit1
D:8:      layout_loops_cross, gammafunk_temple_overflow_forgotten,
          grunt_qazlal_clouds, nicolae_gozag_cash_rules_everything_around_me
D:9:      layout_basic, enter_bailey_8, uniq_maurice
D:10:     layout_stronghold, minmay_lair_entry_grove, uniq_urug
Temple:   eino_wide_crystal_templ

Skill      XL: |  1  2  3  4  5  6  7  8  9 10 |
---------------+-------------------------------+-----
Axes           | 3 4 5 6 8 9 10 11 | 11.7
Fighting       | 4 5 6 7 |  7.6
Armour         | 4 5 6 |  6.0
Dodging        | 2 3 |  3.0
Shields        | 4 5 6 |  6.0
Throwing       | 2 3 4 |  4.0
Evocations     | 2 3 4 |  4.0
Invocations    | 4 6 |  6.0
Maces & Flails | 3 |  3.9

Action                   |  1- 3 |  4- 6 |  7- 9 | 10-12 || total
-------------------------+-------+-------+-------+-------++-------
Melee: War axe           |   102 |   127 |     1 |       ||   230
       Headbutt          |    11 |    17 |    60 |    21 ||   109
       Whip              |       |       |   206 |       ||   206
       Mace              |       |       |   138 |   118 ||   256
Throw: Stone             |    12 |   115 |   141 |    66 ||   334
       Throwing net      |       |       |     1 |       ||     1
       Dart              |       |       |     7 |       ||     7
Evoke: Wand              |       |       |    10 |       ||    10
  Use: Scroll            |       |       |    10 |     8 ||    18
  Eat: Chunk             |       |     7 |    16 |     6 ||    29
       Ration            |       |       |     1 |       ||     1
Armor: Scale mail        |    47 |    33 |    26 |       ||   106
       Plate armour      |       |       |    35 |    27 ||    62
       Chain mail        |       |       |    34 |    20 ||    54
Dodge: Dodged            |    27 |    22 |    59 |    14 ||   122
Block: Kite shield       |    64 |    53 |   138 |    39 ||   294
